 Dungeon Crawl Stone Soup version 0.32-a0-471-gb91d5d9764 (webtiles) character file.

Game seed: 12801530817657944341

25480 NoMoreGames the Toxicologist (level 13, -3/92 HPs)
             Began as an Octopode Alchemist on Feb 25, 2024.
             Was a High Priest of Vehumet.
             Slain by a reaper
             ... wielding a -4 scythe of freezing
              (16 damage)
             ... in an ice cave.
             The game lasted 00:32:20 (18441 turns).

NoMoreGames the Toxicologist (Octopode Alchemist)  Turns: 18441, Time: 00:32:21

Health: -3/92      AC:  1    Str:  8    XL:     13   Next: 19%
Magic:  26/36      EV: 22    Int: 21    God:    Vehumet [*****.]
Gold:   402        SH:  0    Dex: 20    Spells: 16/32 levels left

rFire   x x .        y - staff of alchemy
rCold   + + .        (no shield)
rNeg    + + .        (helmet restricted)
rPois   +            v - amulet of the acrobat
rElec   .            e - ring of positive energy
rCorr   .            o - ring of magical power
SInv    .            A - ring of poison resistance
Will    .....        I - ring of positive energy
Stlth   +++++        J - ring of Zin's Inspiration {EV+5 Dex+7}
HPRegen 0.35/turn    n - ring of ice
MPRegen 0.25/turn    q - ring of ice
                     (no ring)

%: acrobat
@: no status effects
A: almost no armour, amphibious, 8 rings, camouflage 1, gelatinous body 1,
(nimble swimmer 1), tentacles
a: Renounce Religion


You were in an ice cave.
You worshipped Vehumet.
Vehumet was extremely pleased with you.
You visited 4 branches of the dungeon, and saw 15 of its levels.
You also visited: Ice Cave.

You collected 848 gold pieces.
You spent 446 gold pieces at shops.

Inventory:

Magical Staves
 y - a staff of alchemy (weapon)
Jewellery
 e - a ring of positive energy (left tentacle)
 n - a ring of ice (on tentacle)
 o - a ring of magical power (right tentacle)
 q - a ring of ice (on tentacle)
 v - an amulet of the acrobat (around mantle)
 A - a ring of poison resistance (on tentacle)
 I - a ring of positive energy (on tentacle)
 J - the ring of Zin's Inspiration (on tentacle) {EV+5 Dex+7}
   (You acquired it on level 2 of the Lair of Beasts)

   [ring of evasion]

   EV+5:      It affects your evasion (+5).
   Dex+7:     It affects your dexterity (+7).
Wands
 g - a wand of charming (9)
 p - a wand of flame (34)
 s - a wand of quicksilver (16)
 u - a wand of polymorph (24)
 w - a wand of mindburst (5)
 C - a wand of roots (11)
Scrolls
 b - 3 scrolls of enchant weapon
 d - 2 scrolls of vulnerability
 f - a scroll of poison
 h - 3 scrolls of blinking
 m - 3 scrolls of teleportation
 r - a scroll of enchant armour
 x - 3 scrolls of revelation
 E - a scroll of fear
 G - 2 scrolls of identify
 H - a scroll of fog
 K - a scroll of immolation
Potions
 a - 2 potions of magic
 c - 3 potions of curing
 i - 2 potions of enlightenment
 j - 2 potions of attraction
 k - a potion of brilliance
 l - a potion of might
 t - 4 potions of haste
 z - a potion of lignification
 B - a potion of ambrosia


   Skills:
 + Level 10.0 Fighting
 + Level 7.0 Dodging
 - Level 7.0 Stealth
 - Level 10.0 Spellcasting
 - Level 5.0 Conjurations
 - Level 5.0 Translocations
 - Level 5.0 Fire Magic
 - Level 5.0 Air Magic
 - Level 12.0 Alchemy


You had 16 spell levels left.
You knew the following spells:

 Your Spells              Type           Power      Damage    Failure   Level
a - Sting                 Conj/Alch      100%       1d9       1%          1
b - Mercury Vapours       Alch/Air       100%       N/A       1%          2
c - Olgreb's Toxic Radia  Alch           74%        N/A       1%          4
d - Sticky Flame          Fire/Alch      62%        2d10      1%          4
e - Mephitic Cloud        Conj/Alch/Air  58%        N/A       1%          3
f - Blink                 Tloc           62%        N/A       1%          2

Your spell library contained the following spells:

 Spells                   Type           Power      Damage    Failure   Level
 Flame Wave               Conj/Fire      31%        2d9       2%          4
 Magic Dart               Conj           100%       1d8       1%          1
 Sandblast                Erth           20%        2d7       1%          1
 Stone Arrow              Conj/Erth      42%        3d9       1%          3
 Swiftness                Air            31%        N/A       2%          3
 Slow                     Hex            40%        N/A       6%          1
 Brom's Barrelling Bould  Conj/Erth      21%        2d4       6%          4
 Call Imp                 Summ           20%        N/A       10%         2
 Ensorcelled Hibernation  Hex/Ice        46%        N/A       10%         2
 Confusing Touch          Hex            10%        N/A       19%         3
 Passwall                 Erth           10%        N/A       19%         3
 Sigil of Binding         Hex            10%        N/A       19%         3
 Vampiric Draining        Necr           10%        2d6       19%         3
 Summon Lightning Spire   Summ/Air       21%        N/A       22%         4
 Lee's Rapid Deconstruct  Erth           5%         3d6*      41%         5
 Animate Dead             Necr           10%        N/A       54%         4
 Chain Lightning          Conj/Air       15%        3d20      100%        9
 Animate Armour           Summ/Erth      Unusable   N/A       N/A         4

Dungeon Overview and Level Annotations

Branches:
Dungeon (10/15)            Temple (1/1) D:5            Lair (3/5) D:9
  Swamp (0/4) Lair:3        Snake (1/4) Lair:2        IceCv (1/1)
    Orc: D:9-12

Altars:
Ashenzari
Cheibriados
Dithmenos
Elyvilon
Fedhas
Gozag
Hepliaklqana
Kikubaaqudgha
Makhleb
Nemelex Xobeh
Okawaru
Qazlal
Ru
Sif Muna
Trog
Uskayaw
Vehumet
Wu Jian
Xom
Yredelemnul
Zin
The Shining One

Shops:
D:6 [   D:7 *   D:8 *   D:10 [

Annotations:
D:5 2 transporters, t4s4d4r's ghost, amateur OpFi


Innate Abilities, Weirdness & Mutations

You cannot wear most types of armour.
You are amphibious.
You can wear up to eight rings at the same time.
Your skin changes colour to match your surroundings (Stealth+).
Your rubbery body absorbs attacks. (AC +1, EV +1)
((You are camouflaged when in or above water. (Stealth+)))
You have tentacles for arms and can constrict up to eight enemies at once.


Message History

You constrict the reaper, but do no damage.
The reaper burns!
The reaper hits you with a -4 scythe of freezing!!
The reaper freezes you.
You hit the reaper but do no damage.
The reaper is heavily wounded.
You constrict the reaper, but do no damage.
The reaper burns! x2; The reaper stops burning.
The reaper hits you with a -4 scythe of freezing!!
The reaper freezes you.
Unknown command.
Casting: Sticky Flame (mildly dangerous; 1% risk of failure)
Confirm with . or Enter, or press ? or * to list all spells.
Aiming: Sticky Flame (mildly dangerous; 1% risk of failure)
Press: ? - help, Shift-Dir - straight line, f/p - reaper
Aim: a reaper, wielding a -4 scythe of freezing, wearing a +2 robe of cold resistance and wearing a ring of protection from cold (severely wounded, constricted by you, poisoned)
You feel a surge of power!
The sticky flame hits the reaper.
The reaper is severely wounded.
You constrict the reaper.
The reaper burns!
The reaper hits you with a -4 scythe of freezing!!
* * * LOW HITPOINT WARNING * * *
The reaper freezes you.
* * * LOW HITPOINT WARNING * * *
You feel much better.
You constrict the reaper, but do no damage.
The reaper burns!
The reaper hits you with a -4 scythe of freezing!!
* * * LOW HITPOINT WARNING * * *
Unknown command.
Casting: Sticky Flame (mildly dangerous; 1% risk of failure)
Confirm with . or Enter, or press ? or * to list all spells.
Aiming: Sticky Flame (mildly dangerous; 1% risk of failure)
Press: ? - help, Shift-Dir - straight line, f/p - reaper
Aim: a reaper, wielding a -4 scythe of freezing, wearing a +2 robe of cold resistance and wearing a ring of protection from cold (almost dead, constricted by you, covered in liquid flames, poisoned)
You feel a surge of power!
The sticky flame hits the reaper but does no damage.
The reaper is almost dead.
You constrict the reaper.
The reaper burns!
The reaper hits you with a -4 scythe of freezing!
You die...

##☼§Z## ##..## ####
#....## ##.....## ####
#.......# ##..######
##......# ##....##..##
###.......#
#..........###.........##
#.∩.∩.......#...........#
#.......##..@2##........#
##....#####..####.......#
##..## #### #.......##
#### ####.#.## ####


You could see a reaper (burning, poisoned).

Vanquished Creatures
  Josephine (D:10)
  A boulder beetle (D:8)
  A two-headed ogre (D:9)
  Urug (D:10)
  2 skysharks
  Nergalle (D:10)
  An oklob plant (Lair:2)
  A black mamba (D:9)
  2 ice statues (IceCv)
  Maggie (D:7)
  2 komodo dragons
  5 cane toads
  A rime drake (Lair:1)
  A freezing wraith (IceCv)
  An anaconda simulacrum (IceCv)
  3 ice devils (IceCv)
  3 trolls
  Prince Ribbit (D:7)
  8 blink frogs (Lair:2)
  A dire elephant simulacrum (IceCv)
  5 wraiths (D:10)
  3 basilisks
  35 yaks
  Grum (Lair:1)
  3 wyverns
  A death yak simulacrum (IceCv)
  9 water moccasins
  4 orc warriors
  4 black bears
  A sky beast (D:7)
  12 wolves
  2 ogres (D:7)
  5 centaurs
  4 kobold brigands
  Blork the orc (D:4)
  12 bullfrogs
  4 two-headed ogre simulacra (IceCv)
  3 scorpions
  3 wights (D:8)
  3 killer bees (D:10)
  8 electric eels
  5 howler monkeys
  3 jellies
  3 orc priests
  9 hounds
  A bombardier beetle (D:6)
  A gnoll bouda (D:8)
  Crazy Yiuf (D:7)
  4 sleepcaps
  6 iguanas
  6 orc wizards
  3 troll simulacra (IceCv)
  2 polar bear simulacra (IceCv)
  2 spriggan simulacra (IceCv)
  Robin (D:4)
  4 gnolls
  4 adders
  2 naga simulacra (IceCv)
  13 white imps
  An ufetubus (IceCv)
  A dart slug (D:3)
  22 orcs
  3 ball pythons
  5 bats
  9 endoplasms
  7 giant cockroaches
  13 goblins
  13 hobgoblins
  7 jackals
  2 quokkas
  6 frilled lizards
  20 kobolds
  6 rats
346 creatures vanquished.

Notes
Turn   | Place    | Note
-------+----------+-------------------------------------------
     0 | D:1      | NoMoreGames the Octopode Alchemist began the quest for the
                  | Orb.
     0 | D:1      | Reached XP level 1. HP: 11/11 MP: 3/3
    83 | D:1      | Reached XP level 2. HP: 17/17 MP: 0/5
   141 | D:1      | Learned a level 2 spell: Mercury Vapours
   434 | D:1      | Reached XP level 3. HP: 21/21 MP: 4/6
   436 | D:1      | Reached skill level 4 in Alchemy
  1623 | D:2      | Reached XP level 4. HP: 27/27 MP: 5/8
  2565 | D:3      | Reached XP level 5. HP: 31/31 MP: 4/10
  2633 | D:3      | Learned a level 4 spell: Olgreb's Toxic Radiance
  2646 | D:3      | Reached skill level 5 in Alchemy
  3351 | D:4      | Noticed Blork the orc
  3358 | D:4      | Killed Blork the orc
  3359 | D:4      | Reached skill level 6 in Alchemy
  3359 | D:4      | Reached XP level 6. HP: 17/36 MP: 5/12
  3364 | D:4      | Learned a level 4 spell: Sticky Flame
  3519 | D:4      | Found a sparkling altar of Nemelex Xobeh.
  3852 | D:4      | Noticed a black bear
  3854 | D:4      | Noticed Robin
  3857 | D:4      | Reached skill level 7 in Alchemy
  3862 | D:4      | Killed a black bear
  3863 | D:4      | Reached skill level 1 in Fire Magic
  3863 | D:4      | Reached XP level 7. HP: 35/41 MP: 4/13
  3864 | D:4      | Killed Robin
  4433 | D:5      | Entered Level 5 of the Dungeon
  4497 | D:5      | Found a staircase to the Ecumenical Temple.
  4550 | Temple   | Entered the Ecumenical Temple
  4703 | D:5      | Found a transporter.
  4802 | D:5      | Found an iron altar of Okawaru.
  5177 | D:5      | Reached XP level 8. HP: 46/46 MP: 6/15
  5325 | D:5      | Noticed t4s4d4r's ghost (amateur OpFi)
  5326 | D:5      | Found a transporter.
  5455 | D:5      | Reached skill level 5 in Spellcasting
  5782 | D:6      | Reached skill level 8 in Alchemy
  5815 | D:6      | Found a radiant altar of Vehumet.
  5825 | D:6      | Became a worshipper of Vehumet
  6850 | D:6      | Found Afaz's Antique Armour Shop.
  7312 | D:7      | Reached * piety under Vehumet
  7312 | D:7      | Offered knowledge of Freeze by Vehumet.
  7317 | D:7      | Reached skill level 9 in Alchemy
  7317 | D:7      | Reached XP level 9. HP: 51/51 MP: 17/18
  7318 | D:7      | Identified the +4 pearl dragon scales of the New World
                  | {+Blink rElec rN+ Dex+3}
  7397 | D:7      | Found Siplur's Assorted Antiques.
  7405 | D:7      | Bought a sapphire potion for 19 gold pieces
  7405 | D:7      | Bought an inky potion for 19 gold pieces
  7405 | D:7      | Bought 3 sapphire potions for 59 gold pieces
  7405 | D:7      | Bought a scroll of identify for 44 gold pieces
  7405 | D:7      | Bought a scroll of identify for 44 gold pieces
  7411 | D:7      | Noticed Prince Ribbit
  7417 | D:7      | Killed Prince Ribbit
  7418 | D:7      | Reached skill level 5 in Fire Magic
  7547 | D:7      | Noticed Maggie
  7558 | D:7      | Killed Maggie
  7690 | D:7      | Reached skill level 10 in Alchemy
  7763 | D:7      | Reached skill level 1 in Fighting
  7911 | D:7      | Found a runed translucent door.
  7912 | D:7      | Noticed Crazy Yiuf
  7918 | D:7      | Killed Crazy Yiuf
  8214 | D:8      | Noticed a boulder beetle
  8224 | D:8      | Killed a boulder beetle
  8225 | D:8      | Reached XP level 10. HP: 27/69 MP: 20/20
  8947 | D:8      | Found Biroeg's Assorted Antiques.
  8956 | D:8      | Bought 3 scrolls of identify for 174 gold pieces
  8956 | D:8      | Bought a scroll labelled PAOCHI CICHETEQ for 29 gold pieces
  8956 | D:8      | Bought a scroll of identify for 58 gold pieces
  8959 | D:8      | Acquired a staff of alchemy
  9060 | D:8      | Learned a level 3 spell: Mephitic Cloud
  9377 | D:9      | Found a shimmering altar of Xom.
  9387 | D:9      | Found a stormy altar of Qazlal.
  9469 | D:9      | Offered knowledge of Scorch by Vehumet.
  9472 | D:9      | Reached ** piety under Vehumet
  9473 | D:9      | Reached skill level 1 in Air Magic
 10115 | D:9      | Reached skill level 5 in Stealth
 10158 | D:9      | Found a staircase to the Lair.
 10178 | D:9      | Reached XP level 11. HP: 58/77 MP: 21/21
 10343 | D:9      | Noticed a two-headed ogre
 10358 | D:9      | Killed a two-headed ogre
 10548 | D:9      | Offered knowledge of Searing Ray by Vehumet.
 10806 | D:10     | Entered Level 10 of the Dungeon
 10933 | D:10     | Noticed Urug
 10957 | D:10     | Killed Urug
 11489 | D:10     | Reached *** piety under Vehumet
 11539 | D:10     | Reached skill level 5 in Dodging
 11777 | D:10     | Found Kyucwun's Armour Shop.
 11992 | D:10     | Noticed Josephine
 12016 | D:10     | Killed Josephine
 12017 | D:10     | Reached skill level 5 in Conjurations
 12017 | D:10     | Reached skill level 5 in Air Magic
 12117 | D:10     | Noticed Nergalle
 12125 | D:10     | Killed Nergalle
 12387 | Lair:1   | Entered Level 1 of the Lair of Beasts
 12568 | Lair:1   | Offered knowledge of Fulminant Prism by Vehumet.
 12668 | Lair:1   | Found a shimmering blue altar of Sif Muna.
 13076 | D:9      | Reached XP level 12. HP: 66/87 MP: 22/22
 13253 | D:9      | Reached skill level 10 in Fighting
 14789 | Lair:1   | Noticed Grum
 14801 | Lair:1   | Killed Grum
 15156 | Lair:2   | Found a staircase to the Snake Pit.
 15169 | Lair:2   | Found the +8 demon blade "Leech" {evervamp, Harm ^Drain
                  | rN+}
 15194 | Lair:2   | Learned a level 2 spell: Blink
 15367 | Lair:2   | Reached skill level 1 in Translocations
 15532 | Lair:2   | Reached skill level 11 in Alchemy
 15819 | Lair:2   | Reached **** piety under Vehumet
 16054 | Lair:2   | Noticed a skyshark
 16068 | Lair:2   | Killed a skyshark
 16465 | Lair:2   | Got the Notes on the Lofty End
 16472 | Lair:2   | Acquired the ring of Zin's Inspiration {EV+5 Dex+7}
 16726 | Snake:1  | Entered Level 1 of the Snake Pit
 16762 | Lair:3   | Noticed a skyshark
 16767 | Lair:3   | Offered knowledge of Airstrike by Vehumet.
 16774 | Lair:3   | Killed a skyshark
 16834 | Lair:3   | Reached XP level 13. HP: 12/92 MP: 9/26
 17115 | Lair:3   | Found a frozen archway.
 17128 | Lair:3   | Reached skill level 12 in Alchemy
 17145 | IceCv    | Entered an ice cave
 17451 | IceCv    | Reached skill level 5 in Translocations
 17902 | IceCv    | Reached ***** piety under Vehumet
 17903 | IceCv    | Offered knowledge of Flame Wave by Vehumet.
 17904 | IceCv    | Reached skill level 10 in Spellcasting
 18074 | IceCv    | Noticed a reaper
 18441 | IceCv    | Slain by a reaper

Illustrated notes

Levels and vault maps discovered:
D:1:      eino_arrival_tree_alley, layout_basic
D:2:      layout_loops_ring, grunt_decor_fettered
D:3:      layout_rooms, minivault_23
D:4:      layout_gridville, nemelex_spade_bored_becter,
          chequers_serial_rivers_small_a, kennysheep_opposing_triangles,
          uniq_robin, uniq_blork_the_orc
D:5:      layout_loops_corners, mainiacjoe_overflow_concentric_impassable,
          temple_fountains, gammafunk_ghost_arena, lemuel_flamethrower_2
D:6:      layout_basic, vehumet_altar_wand_db, serial_shops, shop,
          serial_corexii_hall, corexii_hall_statues_s,
          corexii_hall_statues_deadend, minmay_lizard_king
D:7:      layout_rooms, serial_shops, nicolae_shop_stone, grunt_ogre_cave,
          minmay_misc_feat_tower, kennysheep_generic_room_2,
          uniq_prince_ribbit1, uniq_maggie, uniq_crazy_yiuf_cottage
D:8:      layout_cave_pods, serial_shops, nicolae_shop_tiny_statue_garden
D:9:      layout_roguey, mainiacjoe_overflow_large_starburst, erik_lair_island
D:10:     layout_small_grid, serial_shops, shop, amcnicky_mini_pool_medium,
          uniq_urug, uniq_josephine, uniq_nergalle
Temple:   bh_familiar_temple
Lair:1:   layout_gridlike, basic_altar, serial_bayou_shore_a, lemuel_fruit_tree,
          uniq_grum
Lair:2:   minmay_lair_oklob_chamber, layout_hall_layers, dummy_snake_entry,
          dreamdust_deal_with_the_devil
Lair:3:   gammafunk_boulding_lane, layout_chaotic_city,
          skrybe_swamp_entry_bodies, portal_ice_cave_entry_imps,
          beast_lair_carwin_5, uniq_amaemon, uniq_gastronok
Snake:1:  layout_onion_interference, abandoned_shop, uniq_azrael, uniq_asterion,
          uniq_aizul
IceCv:    ice_cave_small_demon

Skill      XL: |  1  2  3  4  5  6  7  8  9 10 11 12 13 |
---------------+----------------------------------------+-----
Alchemy        | 4 6 7 9 10 11 12 | 12.0
Spellcasting   | 3 4 6 7 9 10 | 10.0
Fire Magic     | 1 2 4 5 |  5.0
Fighting       | 6 8 9 10 | 10.0
Stealth        | 5 7 |  7.0
Air Magic      | 3 5 |  5.0
Conjurations   | 3 5 |  5.0
Dodging        | 3 6 7 |  7.0
Translocations | 4 5 |  5.0

Action                     |  1- 3 |  4- 6 |  7- 9 | 10-12 | 13-15 || total
---------------------------+-------+-------+-------+-------+-------++-------
  Melee: Unarmed           |     3 |       |       |       |       ||     3
         Constrict         |    11 |     6 |    23 |    29 |     2 ||    71
         Short sword       |    35 |    28 |    93 |     5 |       ||   161
         Tentacles         |     4 |     7 |    27 |    34 |     4 ||    76
         Staff             |       |       |       |   117 |     7 ||   124
   Cast: Sting             |    52 |    53 |    54 |    42 |       ||   201
         Mercury Vapours   |     5 |     6 |     9 |     2 |       ||    22
         Olgreb's Toxic Ra |       |     6 |    32 |    83 |     3 ||   124
         Sticky Flame      |       |       |    16 |    64 |    58 ||   138
         Mephitic Cloud    |       |       |       |    21 |       ||    21
         Blink             |       |       |       |     1 |       ||     1
  Evoke: Wand              |       |       |       |     7 |       ||     7
    Use: Scroll            |       |    11 |     8 |    13 |       ||    32
         Potion            |       |       |     3 |       |     3 ||     6
   Stab: Sleeping          |       |     2 |     4 |     1 |       ||     7
         Distracted        |       |       |     1 |       |       ||     1
         Confused          |       |       |       |     1 |       ||     1
 Armour: Skin              |     6 |    15 |    54 |   144 |    30 ||   249
  Dodge: Dodged            |    40 |    18 |    42 |   168 |    68 ||   336

Table legend: (Time is in decaauts)
 A = Elapsed time spent in this place.
 B = Non-inter-level travel time spent in this place.
 C = Inter-level travel time spent in this place.
 D = Time resting spent in this place.
 E = Time spent auto-exploring this place.
 F = Levels seen in this place.
 G = Mean time per level.
                   A        B        C        D        E       F      G
               +--------+--------+--------+--------+--------+-----+--------+
         Total |  18425 |  17652 |    773 |   5575 |   9647 |  16 | 1151.6 |
       Dungeon |  13269 |  12645 |    624 |   3266 |   7800 |  10 | 1326.9 |
        Temple |     44 |      1 |     43 |      0 |      0 |   1 |   44.0 |
          Lair |   3812 |   3706 |    106 |   1327 |   1847 |   3 | 1270.7 |
     Snake Pit |      1 |      1 |      0 |      0 |      0 |   1 |    1.0 |
      Ice Cave |   1296 |   1296 |      0 |    982 |      0 |   1 | 1296.0 |
               +--------+--------+--------+--------+--------+-----+--------+

Top non-repeatable levels by time:
     D:9: 2670 daAuts
  Lair:2: 1900 daAuts
  Lair:1: 1794 daAuts
     D:6: 1478 daAuts
     D:4: 1414 daAuts
    D:10: 1325 daAuts
   IceCv: 1296 daAuts
     D:5: 1287 daAuts
     D:2: 1179 daAuts
     D:8: 1156 daAuts
     D:1: 1131 daAuts
     D:7: 947 daAuts
     D:3: 678 daAuts
  Lair:3: 117 daAuts
  Temple: 44 daAuts
